Workbook
Name Description: produits!$B:$B
Name Prix: produits!$C:$C
Name References: produits!$A:$A

Sheet produits
A1: Reference | B1: Nom | C1: Prix public de base (en Euros)
A2: 0_03_0001 | B2: Mini clavier bluethooth | C2: 9.60
A3: 0_05_0001 | B3: Télécommande ecouteur | C3: 0.44
A4: 0_05_0002 | B4: Ecouteur avec controlleur de son | C4: 0.00
A5: 0_05_0002_0 | B5: Ecouteur avec controlleur de son 1 | C5: 1.44
A6: 0_05_0002_1 | B6: Ecouteur avec controlleur de son iphone 5 | C6: 4.00
A7: 0_05_0003 | B7: Ecouteur couleurs | C7: 4.00
A8: 1_01_0001 | B8: Interupteur exterieur | C8: 2.40
A9: 1_01_0002 | B9: Adaptateur manette ps2 | C9: 0.00
A10: 1_01_0002_0 | B10: Adaptateur manette ps2 Playstation 3 | C10: 2.40
A11: 1_01_0002_1 | B11: Adaptateur manette ps2 Wii | C11: 1.68
A12: 1_01_0003 | B12: Cable YUV 4 en 1 | C12: 5.60
... A707: 2_14_0009 | B707: Cable ecran lcd | C707: 3.20
A708: 2_14_0010 | B708: Prise jack | C708: 4
A709: 2_14_0011 | B709: Set clips | C709: 1.20
A710: 2_14_0012 | B710: Cheville | C710: 1.20
A711: 2_15_0001 | B711: Micro | C711: 0.00
A712: 2_15_0001_0 | B712: Micro Ipad mini | C712: 4.00
A713: 2_15_0001_1 | B713: Micro Ipad 2 | C713: 3.20
A714: 2_15_0001_3 | B714: Micro Ipad 3 | C714: 2.40
A715: 2_15_0002 | B715: Ecouteur | C715: 0.00
A716: 2_15_0002_0 | B716: Ecouteur Ipad mini | C716: 4.00
A717: 2_15_0002_1 | B717: Ecouteur Ipad 2 wifi | C717: 4.00
A718: 2_15_0002_2 | B718: Ecouteur Ipad 2 3g | C718: 6.40
A719: 2_15_0002_3 | B719: Ecouteur Ipad 3 wifi | C719: 3.20
A720: 2_15_0002_4 | B720: Ecouteur Ipad 3 4g | C720: 4.80
... A1703: 3_20_0001_1 | B1703: Plaque coulissante Desire Z | C1703: 12.00

Sheet tableau facture
F1: =IF(ISTEXT(G2),VLOOKUP(G2,Clients!A:C,3),IF(ISBLANK(G2),"Noms")) -> TAMPERE | G1: =IF(ISTEXT(G2),VLOOKUP(G2,Clients!A:C,4),IF(ISBLANK(G2),"Prenom")) -> #REF!
F2: Numéro client: | G2: C001
F3: =IF(ISTEXT(G2),VLOOKUP(G2,Clients!A:C,6),IF(ISBLANK(G2),"Adresse")) -> #REF!
B4: Facture numéro: | D4: Le | F4: =IF(ISTEXT(G2),VLOOKUP(G2,Clients!A:C,8),IF(ISBLANK(G2),"Code postal")) -> #REF! | G4: =IF(ISTEXT(G2),VLOOKUP(G2,Clients!A:C,9),IF(ISBLANK(G2),"Ville")) -> #REF! | H4: =IF(ISTEXT(G2),VLOOKUP(G2,Clients!A:C,31),IF(ISBLANK(G2),"Pays")) -> #REF!
C6: Categorie | F6: Prix HT unitaire | G6: Prix HT unitaire | H6: Total HT avec
A7: Référence | B7: Description | C7: eco participation | D7: Quantité | E7: Poids en | F7: sans eco participation | G7: avec eco participation | H7: eco participation
A8: 2_14_0010 | B8: =IF(ISTEXT(A8),VLOOKUP(A8,produits!A:C,2),IF(ISBLANK(A8),"")) -> Prise jack | C8: =IF(ISTEXT(A8),IF(E8<0.15,"A",IF(E8<0.5,"B",IF(E8<1,"C",IF(E8<2,"D",IF(E8<4,"E",IF(E8<8,"F",IF(E8<15,"G",IF(E8<30,"H",IF(E8<50,"I",IF(E8>50,"J")))))))))),IF(ISBLANK(A8),"")) -> E | D8: 3 | E8: 2 | F8: =IF(ISTEXT(A8),VLOOKUP(A8,produits!A:C,3),IF(ISBLANK(A8),"")) -> 4 | G8: =IF(ISTEXT(A8),IF(E8<0.15,0.084+F8,IF(E8<0.5,0.03+F8,IF(E8<1,0.05+F8,IF(E8<2,0.13+F8,IF(E8<4,0.25+F8,IF(E8<8,0.46+F8,IF(E8<15,0.84+F8,IF(E8<30,1.88+F8,IF(E8<50,3.34+F8,IF(E8>50,5.02+F8)))))))))),IF(ISBLANK(A8),"")) -> 4.25 | H8: =IF(ISTEXT(A8),PRODUCT(G8,D8),IF(ISBLANK(A8),"")) -> 12.75
A9: 2_14_0010 | B9: =IF(ISTEXT(A9),VLOOKUP(A9,produits!A:C,2),IF(ISBLANK(A9),"")) -> Prise jack | C9: =IF(ISTEXT(A9),IF(E9<0.15,"A",IF(E9<0.5,"B",IF(E9<1,"C",IF(E9<2,"D",IF(E9<4,"E",IF(E9<8,"F",IF(E9<15,"G",IF(E9<30,"H",IF(E9<50,"I"+F9,IF(E9>50,"J")))))))))),IF(ISBLANK(A9),"")) -> H | D9: 5 | E9: 16 | F9: =IF(ISTEXT(A9),VLOOKUP(A9,produits!A:C,3),IF(ISBLANK(A9),"")) -> 4 | G9: =IF(ISTEXT(A9),IF(E9<0.15,0.084+F9,IF(E9<0.5,0.03+F9,IF(E9<1,0.05+F9,IF(E9<2,0.13+F9,IF(E9<4,0.25+F9,IF(E9<8,0.46+F9,IF(E9<15,0.84+F9,IF(E9<30,1.88+F9,IF(E9<50,3.34+F9,IF(E9>50,5.02+F9)))))))))),IF(ISBLANK(A9),"")) -> 5.88 | H9: =IF(ISTEXT(A9),PRODUCT(G9,D9),IF(ISBLANK(A9),"")) -> 29.4
B10: =IF(ISTEXT(A10),VLOOKUP(A10,produits!A:C,2),IF(ISBLANK(A10),"")) | C10: =IF(ISTEXT(A10),IF(E10<0.15,"A",IF(E10<0.5,"B",IF(E10<1,"C",IF(E10<2,"D",IF(E10<4,"E",IF(E10<8,"F",IF(E10<15,"G",IF(E10<30,"H",IF(E10<50,"I",IF(E10>50,"J")))))))))),IF(ISBLANK(A10),"")) | F10: =IF(ISTEXT(A10),VLOOKUP(A10,produits!A:C,3),IF(ISBLANK(A10),"")) | G10: =IF(ISTEXT(A10),IF(E10<0.15,0.084+F10,IF(E10<0.5,0.03+F10,IF(E10<1,0.05+F10,IF(E10<2,0.13+F10,IF(E10<4,0.25+F10,IF(E10<8,0.46+F10,IF(E10<15,0.84+F10,IF(E10<30,1.88+F10,IF(E10<50,3.34+F10,IF(E10>50,5.02+F10)))))))))),IF(ISBLANK(A10),"")) | H10: =IF(ISTEXT(A10),PRODUCT(G10,D10),IF(ISBLANK(A10),""))
B11: =IF(ISTEXT(A11),VLOOKUP(A11,produits!A:C,2),IF(ISBLANK(A11),"")) | C11: =IF(ISTEXT(A11),IF(E11<0.15,"A",IF(E11<0.5,"B",IF(E11<1,"C",IF(E11<2,"D",IF(E11<4,"E",IF(E11<8,"F",IF(E11<15,"G",IF(E11<30,"H",IF(E11<50,"I",IF(E11>50,"J")))))))))),IF(ISBLANK(A11),"")) | F11: =IF(ISTEXT(A11),VLOOKUP(A11,produits!A:C,3),IF(ISBLANK(A11),"")) | G11: =IF(ISTEXT(A11),IF(E11<0.15,0.084+F11,IF(E11<0.5,0.03+F11,IF(E11<1,0.05+F11,IF(E11<2,0.13+F11,IF(E11<4,0.25+F11,IF(E11<8,0.46+F11,IF(E11<15,0.84+F11,IF(E11<30,1.88+F11,IF(E11<50,3.34+F11,IF(E11>50,5.02+F11)))))))))),IF(ISBLANK(A11),"")) | H11: =IF(ISTEXT(A11),PRODUCT(G11,D11),IF(ISBLANK(A11),""))
B12: =IF(ISTEXT(A12),VLOOKUP(A12,produits!A:C,2),IF(ISBLANK(A12),"")) | F12: =IF(ISTEXT(A12),VLOOKUP(A12,produits!A:C,3),IF(ISBLANK(A12),"")) | G12: =IF(ISTEXT(A12),IF(E12<0.15,0.084+F12,IF(E12<0.5,0.03+F12,IF(E12<1,0.05+F12,IF(E12<2,0.13+F12,IF(E12<4,0.25+F12,IF(E12<8,0.46+F12,IF(E12<15,0.84+F12,IF(E12<30,1.88+F12,IF(E12<50,3.34+F12,IF(E12>50,5.02+F12)))))))))),IF(ISBLANK(A12),"")) | H12: =IF(ISTEXT(A12),PRODUCT(G12,D12),IF(ISBLANK(A12),""))
B13: =IF(ISTEXT(A13),VLOOKUP(A13,produits!A:C,2),IF(ISBLANK(A13),"")) | C13: =IF(ISTEXT(A12),IF(E12<0.15,"A",IF(E12<0.5,"B",IF(E12<1,"C",IF(E12<2,"D",IF(E12<4,"E",IF(E12<8,"F",IF(E12<15,"G",IF(E12<30,"H",IF(E12<50,"I",IF(E12>50,"J")))))))))),IF(ISBLANK(A12),"")) | F13: =IF(ISTEXT(A13),VLOOKUP(A13,produits!A:C,3),IF(ISBLANK(A13),"")) | G13: =IF(ISTEXT(A13),IF(E13<0.15,0.084+F13,IF(E13<0.5,0.03+F13,IF(E13<1,0.05+F13,IF(E13<2,0.13+F13,IF(E13<4,0.25+F13,IF(E13<8,0.46+F13,IF(E13<15,0.84+F13,IF(E13<30,1.88+F13,IF(E13<50,3.34+F13,IF(E13>50,5.02+F13)))))))))),IF(ISBLANK(A13),"")) | H13: =IF(ISTEXT(A13),PRODUCT(G13,D13),IF(ISBLANK(A13),""))
B14: =IF(ISTEXT(A14),VLOOKUP(A14,produits!A:C,2),IF(ISBLANK(A14),"")) | C14: =IF(ISTEXT(A14),IF(E14<0.15,"A",IF(E14<0.5,"B",IF(E14<1,"C",IF(E14<2,"D",IF(E14<4,"E",IF(E14<8,"F",IF(E14<15,"G",IF(E14<30,"H",IF(E14<50,"I",IF(E14>50,"J")))))))))),IF(ISBLANK(A14),"")) | F14: =IF(ISTEXT(A14),VLOOKUP(A14,produits!A:C,3),IF(ISBLANK(A14),"")) | G14: =IF(ISTEXT(A14),IF(E14<0.15,0.084+F14,IF(E14<0.5,0.03+F14,IF(E14<1,0.05+F14,IF(E14<2,0.13+F14,IF(E14<4,0.25+F14,IF(E14<8,0.46+F14,IF(E14<15,0.84+F14,IF(E14<30,1.88+F14,IF(E14<50,3.34+F14,IF(E14>50,5.02+F14)))))))))),IF(ISBLANK(A14),"")) | H14: =IF(ISTEXT(A14),PRODUCT(G14,D14),IF(ISBLANK(A14),""))
B15: =IF(ISTEXT(A15),VLOOKUP(A15,produits!A:C,2),IF(ISBLANK(A15),"")) | C15: =IF(ISTEXT(A15),IF(E15<0.15,"A",IF(E15<0.5,"B",IF(E15<1,"C",IF(E15<2,"D",IF(E15<4,"E",IF(E15<8,"F",IF(E15<15,"G",IF(E15<30,"H",IF(E15<50,"I",IF(E15>50,"J")))))))))),IF(ISBLANK(A15),"")) | F15: =IF(ISTEXT(A15),VLOOKUP(A15,produits!A:C,3),IF(ISBLANK(A15),"")) | G15: =IF(ISTEXT(A15),IF(E15<0.15,0.084+F15,IF(E15<0.5,0.03+F15,IF(E15<1,0.05+F15,IF(E15<2,0.13+F15,IF(E15<4,0.25+F15,IF(E15<8,0.46+F15,IF(E15<15,0.84+F15,IF(E15<30,1.88+F15,IF(E15<50,3.34+F15,IF(E15>50,5.02+F15)))))))))),IF(ISBLANK(A15),"")) | H15: =IF(ISTEXT(A15),PRODUCT(G15,D15),IF(ISBLANK(A15),""))
B16: =IF(ISTEXT(A16),VLOOKUP(A16,produits!A:C,2),IF(ISBLANK(A16),"")) | C16: =IF(ISTEXT(A16),IF(E16<0.15,"A",IF(E16<0.5,"B",IF(E16<1,"C",IF(E16<2,"D",IF(E16<4,"E",IF(E16<8,"F",IF(E16<15,"G",IF(E16<30,"H",IF(E16<50,"I",IF(E16>50,"J")))))))))),IF(ISBLANK(A16),"")) | F16: =IF(ISTEXT(A16),VLOOKUP(A16,produits!A:C,3),IF(ISBLANK(A16),"")) | G16: =IF(ISTEXT(A16),IF(E16<0.15,0.084+F16,IF(E16<0.5,0.03+F16,IF(E16<1,0.05+F16,IF(E16<2,0.13+F16,IF(E16<4,0.25+F16,IF(E16<8,0.46+F16,IF(E16<15,0.84+F16,IF(E16<30,1.88+F16,IF(E16<50,3.34+F16,IF(E16>50,5.02+F16)))))))))),IF(ISBLANK(A16),"")) | H16: =IF(ISTEXT(A16),PRODUCT(G16,D16),IF(ISBLANK(A16),""))
B17: =IF(ISTEXT(A17),VLOOKUP(A17,produits!A:C,2),IF(ISBLANK(A17),"")) | C17: =IF(ISTEXT(A17),IF(E17<0.15,"A",IF(E17<0.5,"B",IF(E17<1,"C",IF(E17<2,"D",IF(E17<4,"E",IF(E17<8,"F",IF(E17<15,"G",IF(E17<30,"H",IF(E17<50,"I",IF(E17>50,"J")))))))))),IF(ISBLANK(A17),"")) | F17: =IF(ISTEXT(A17),VLOOKUP(A17,produits!A:C,3),IF(ISBLANK(A17),"")) | G17: =IF(ISTEXT(A17),IF(E17<0.15,0.084+F17,IF(E17<0.5,0.03+F17,IF(E17<1,0.05+F17,IF(E17<2,0.13+F17,IF(E17<4,0.25+F17,IF(E17<8,0.46+F17,IF(E17<15,0.84+F17,IF(E17<30,1.88+F17,IF(E17<50,3.34+F17,IF(E17>50,5.02+F17)))))))))),IF(ISBLANK(A17),"")) | H17: =IF(ISTEXT(A17),PRODUCT(G17,D17),IF(ISBLANK(A17),""))
B18: =IF(ISTEXT(A18),VLOOKUP(A18,produits!A:C,2),IF(ISBLANK(A18),"")) | C18: =IF(ISTEXT(A18),IF(E18<0.15,"A",IF(E18<0.5,"B",IF(E18<1,"C",IF(E18<2,"D",IF(E18<4,"E",IF(E18<8,"F",IF(E18<15,"G",IF(E18<30,"H",IF(E18<50,"I",IF(E18>50,"J")))))))))),IF(ISBLANK(A18),"")) | F18: =IF(ISTEXT(A18),VLOOKUP(A18,produits!A:C,3),IF(ISBLANK(A18),"")) | G18: =IF(ISTEXT(A18),IF(E18<0.15,0.084+F18,IF(E18<0.5,0.03+F18,IF(E18<1,0.05+F18,IF(E18<2,0.13+F18,IF(E18<4,0.25+F18,IF(E18<8,0.46+F18,IF(E18<15,0.84+F18,IF(E18<30,1.88+F18,IF(E18<50,3.34+F18,IF(E18>50,5.02+F18)))))))))),IF(ISBLANK(A18),"")) | H18: =IF(ISTEXT(A18),PRODUCT(G18,D18),IF(ISBLANK(A18),""))
B19: =IF(ISTEXT(A19),VLOOKUP(A19,produits!A:C,2),IF(ISBLANK(A19),"")) | C19: =IF(ISTEXT(A19),IF(E19<0.15,"A",IF(E19<0.5,"B",IF(E19<1,"C",IF(E19<2,"D",IF(E19<4,"E",IF(E19<8,"F",IF(E19<15,"G",IF(E19<30,"H",IF(E19<50,"I",IF(E19>50,"J")))))))))),IF(ISBLANK(A19),"")) | F19: =IF(ISTEXT(A19),VLOOKUP(A19,produits!A:C,3),IF(ISBLANK(A19),"")) | G19: =IF(ISTEXT(A19),IF(E19<0.15,0.084+F19,IF(E19<0.5,0.03+F19,IF(E19<1,0.05+F19,IF(E19<2,0.13+F19,IF(E19<4,0.25+F19,IF(E19<8,0.46+F19,IF(E19<15,0.84+F19,IF(E19<30,1.88+F19,IF(E19<50,3.34+F19,IF(E19>50,5.02+F19)))))))))),IF(ISBLANK(A19),"")) | H19: =IF(ISTEXT(A19),PRODUCT(G19,D19),IF(ISBLANK(A19),""))
B20: =IF(ISTEXT(A20),VLOOKUP(A20,produits!A:C,2),IF(ISBLANK(A20),"")) | C20: =IF(ISTEXT(A20),IF(E20<0.15,"A",IF(E20<0.5,"B",IF(E20<1,"C",IF(E20<2,"D",IF(E20<4,"E",IF(E20<8,"F",IF(E20<15,"G",IF(E20<30,"H",IF(E20<50,"I",IF(E20>50,"J")))))))))),IF(ISBLANK(A20),"")) | F20: =IF(ISTEXT(A20),VLOOKUP(A20,produits!A:C,3),IF(ISBLANK(A20),"")) | G20: =IF(ISTEXT(A20),IF(E20<0.15,0.084+F20,IF(E20<0.5,0.03+F20,IF(E20<1,0.05+F20,IF(E20<2,0.13+F20,IF(E20<4,0.25+F20,IF(E20<8,0.46+F20,IF(E20<15,0.84+F20,IF(E20<30,1.88+F20,IF(E20<50,3.34+F20,IF(E20>50,5.02+F20)))))))))),IF(ISBLANK(A20),"")) | H20: =IF(ISTEXT(A20),PRODUCT(G20,D20),IF(ISBLANK(A20),""))
B21: =IF(ISTEXT(A21),VLOOKUP(A21,produits!A:C,2),IF(ISBLANK(A21),"")) | C21: =IF(ISTEXT(A21),IF(E21<0.15,"A",IF(E21<0.5,"B",IF(E21<1,"C",IF(E21<2,"D",IF(E21<4,"E",IF(E21<8,"F",IF(E21<15,"G",IF(E21<30,"H",IF(E21<50,"I",IF(E21>50,"J")))))))))),IF(ISBLANK(A21),"")) | F21: =IF(ISTEXT(A21),VLOOKUP(A21,produits!A:C,3),IF(ISBLANK(A21),"")) | G21: =IF(ISTEXT(A21),IF(E21<0.15,0.084+F21,IF(E21<0.5,0.03+F21,IF(E21<1,0.05+F21,IF(E21<2,0.13+F21,IF(E21<4,0.25+F21,IF(E21<8,0.46+F21,IF(E21<15,0.84+F21,IF(E21<30,1.88+F21,IF(E21<50,3.34+F21,IF(E21>50,5.02+F21)))))))))),IF(ISBLANK(A21),"")) | H21: =IF(ISTEXT(A21),PRODUCT(G21,D21),IF(ISBLANK(A21),""))
B22: =IF(ISTEXT(A22),VLOOKUP(A22,produits!A:C,2),IF(ISBLANK(A22),"")) | C22: =IF(ISTEXT(A22),IF(E22<0.15,"A",IF(E22<0.5,"B",IF(E22<1,"C",IF(E22<2,"D",IF(E22<4,"E",IF(E22<8,"F",IF(E22<15,"G",IF(E22<30,"H",IF(E22<50,"I",IF(E22>50,"J")))))))))),IF(ISBLANK(A22),"")) | F22: =IF(ISTEXT(A22),VLOOKUP(A22,produits!A:C,3),IF(ISBLANK(A22),"")) | G22: =IF(ISTEXT(A22),IF(E22<0.15,0.084+F22,IF(E22<0.5,0.03+F22,IF(E22<1,0.05+F22,IF(E22<2,0.13+F22,IF(E22<4,0.25+F22,IF(E22<8,0.46+F22,IF(E22<15,0.84+F22,IF(E22<30,1.88+F22,IF(E22<50,3.34+F22,IF(E22>50,5.02+F22)))))))))),IF(ISBLANK(A22),"")) | H22: =IF(ISTEXT(A22),PRODUCT(G22,D22),IF(ISBLANK(A22),""))
B23: =IF(ISTEXT(A23),VLOOKUP(A23,produits!A:C,2),IF(ISBLANK(A23),"")) | C23: =IF(ISTEXT(A23),IF(E23<0.15,"A",IF(E23<0.5,"B",IF(E23<1,"C",IF(E23<2,"D",IF(E23<4,"E",IF(E23<8,"F",IF(E23<15,"G",IF(E23<30,"H",IF(E23<50,"I",IF(E23>50,"J")))))))))),IF(ISBLANK(A23),"")) | F23: =IF(ISTEXT(A23),VLOOKUP(A23,produits!A:C,3),IF(ISBLANK(A23),"")) | G23: =IF(ISTEXT(A23),IF(E23<0.15,0.084+F23,IF(E23<0.5,0.03+F23,IF(E23<1,0.05+F23,IF(E23<2,0.13+F23,IF(E23<4,0.25+F23,IF(E23<8,0.46+F23,IF(E23<15,0.84+F23,IF(E23<30,1.88+F23,IF(E23<50,3.34+F23,IF(E23>50,5.02+F23)))))))))),IF(ISBLANK(A23),"")) | H23: =IF(ISTEXT(A23),PRODUCT(G23,D23),IF(ISBLANK(A23),""))
B24: =IF(ISTEXT(A24),VLOOKUP(A24,produits!A:C,2),IF(ISBLANK(A24),"")) | C24: =IF(ISTEXT(A24),IF(E24<0.15,"A",IF(E24<0.5,"B",IF(E24<1,"C",IF(E24<2,"D",IF(E24<4,"E",IF(E24<8,"F",IF(E24<15,"G",IF(E24<30,"H",IF(E24<50,"I",IF(E24>50,"J")))))))))),IF(ISBLANK(A24),"")) | F24: =IF(ISTEXT(A24),VLOOKUP(A24,produits!A:C,3),IF(ISBLANK(A24),"")) | G24: =IF(ISTEXT(A24),IF(E24<0.15,0.084+F24,IF(E24<0.5,0.03+F24,IF(E24<1,0.05+F24,IF(E24<2,0.13+F24,IF(E24<4,0.25+F24,IF(E24<8,0.46+F24,IF(E24<15,0.84+F24,IF(E24<30,1.88+F24,IF(E24<50,3.34+F24,IF(E24>50,5.02+F24)))))))))),IF(ISBLANK(A24),"")) | H24: =IF(ISTEXT(A24),PRODUCT(G24,D24),IF(ISBLANK(A24),""))
B25: =IF(ISTEXT(A25),VLOOKUP(A25,produits!A:C,2),IF(ISBLANK(A25),"")) | C25: =IF(ISTEXT(A25),IF(E25<0.15,"A",IF(E25<0.5,"B",IF(E25<1,"C",IF(E25<2,"D",IF(E25<4,"E",IF(E25<8,"F",IF(E25<15,"G",IF(E25<30,"H",IF(E25<50,"I",IF(E25>50,"J")))))))))),IF(ISBLANK(A25),"")) | F25: =IF(ISTEXT(A25),VLOOKUP(A25,produits!A:C,3),IF(ISBLANK(A25),"")) | G25: =IF(ISTEXT(A25),IF(E25<0.15,0.084+F25,IF(E25<0.5,0.03+F25,IF(E25<1,0.05+F25,IF(E25<2,0.13+F25,IF(E25<4,0.25+F25,IF(E25<8,0.46+F25,IF(E25<15,0.84+F25,IF(E25<30,1.88+F25,IF(E25<50,3.34+F25,IF(E25>50,5.02+F25)))))))))),IF(ISBLANK(A25),"")) | H25: =IF(ISTEXT(A25),PRODUCT(G25,D25),IF(ISBLANK(A25),""))
... B31: =IF(ISTEXT(A31),VLOOKUP(A31,produits!A:C,2),IF(ISBLANK(A31),"")) | C31: =IF(ISTEXT(A31),IF(E31<0.15,"A",IF(E31<0.5,"B",IF(E31<1,"C",IF(E31<2,"D",IF(E31<4,"E",IF(E31<8,"F",IF(E31<15,"G",IF(E31<30,"H",IF(E31<50,"I",IF(E31>50,"J")))))))))),IF(ISBLANK(A31),"")) | F31: =IF(ISTEXT(A31),VLOOKUP(A31,produits!A:C,3),IF(ISBLANK(A31),"")) | G31: =IF(ISTEXT(A31),IF(E31<0.15,0.084+F31,IF(E31<0.5,0.03+F31,IF(E31<1,0.05+F31,IF(E31<2,0.13+F31,IF(E31<4,0.25+F31,IF(E31<8,0.46+F31,IF(E31<15,0.84+F31,IF(E31<30,1.88+F31,IF(E31<50,3.34+F31,IF(E31>50,5.02+F31)))))))))),IF(ISBLANK(A31),"")) | H31: =IF(ISTEXT(A31),PRODUCT(G31,D31),IF(ISBLANK(A31),""))
G32: Total HT | H32: =SUM(H8:H31) -> 42.15
C33: Eco participation | G33: TVA non applicable, art. 293B du CGI
C34: Poids | D34: Categorie | G34: Frais de port
C35: 0.15 | D35: A | G35: Net a payer | H35: =H32+H34 -> 42.15
C36: 0.5 | D36: B
C37: 1 | D37: C
C38: 2 | D38: D
C39: 4 | D39: E
C40: 8 | D40: F
C41: 15 | D41: G
C42: 30 | D42: H
C43: 50 | D43: I
C44: Plus de 50 | D44: J

Sheet ups
A1: A Destination De : | B1: En Provenance De :
B2: (01) Ain | C2: (02) Aisne | D2: (03) Allier | E2: (04) Alpes-de-Haute-Provence | F2: (05) Hautes-Alpes | G2: (06) Alpes-Maritimes | H2: (07) Ardèche | I2: (08) Ardennes | J2: (09) Ariège | K2: (10) Aube | L2: (11) Aude | M2: (12) Aveyron | N2: (13) Bouches-du-Rhône | O2: (14) Calvados | P2: (15) Cantal | Q2: (16) Charente | R2: (17) Charente-Maritime | S2: (18) Cher | T2: (19) Corrèze | U2: (20) Corse | V2: (21) Côte d’Or | W2: (22) Côtes-d’Armor | X2: (23) Creuse | Y2: (24) Dordogne | Z2: (25) Doubs | AA2: (26) Drôme | AB2: (27) Eure | AC2: (28) Eure-et-Loir | AD2: (29) Finistère | AE2: (30) Gard | AF2: (31) Haute-Garonne | AG2: (32) Gers | AH2: (33) Gironde | AI2: (34) Hérault | AJ2: (35) Ille-et-Vilaine | AK2: (36) Indre | AL2: (37) Indre-et-Loire | AM2: (38) Isère | AN2: (39) Jura | AO2: (40) Landes | AP2: (41) Loir-et-Cher | AQ2: (42) Loire | AR2: (43) Haute-Loire | AS2: (44) Loire-Atlantique | AT2: (45) Loiret | AU2: (46) Lot | AV2: (47) Lot-et-Garonne | AW2: (48) Lozère | AX2: (49) Maine-et-Loire | AY2: (50) Manche | AZ2: (51) Marne | BA2: (52) Haute-Marne | BB2: (53) Mayenne | BC2: (54) Meurthe-et-Moselle | BD2: (55) Meuse | BE2: (56) Morbihan | BF2: (57) Moselle | BG2: (58) Nièvre | BH2: (59) Nord | BI2: (60) Oise | BJ2: (61) Orne | BK2: (62) Pas-de-Calais | BL2: (63) Puy-de-Dôme | BM2: (64) Pyrénées-Atlantiques | BN2: (65) Hautes-Pyrénées | BO2: (66) Pyrénées-Orientales | BP2: (67) Bas-Rhin | BQ2: (68) Haut-Rhin | BR2: (69) Rhône | BS2: (70) Haute-Saône | BT2: (71) Saône-et-Loire | BU2: (72) Sarthe | BV2: (73) Savoie | BW2: (74) Haute-Savoie | BX2: (75) Paris | BY2: (76) Seine-Maritime | BZ2: (77) Seine-et-Marne | CA2: (78) Yvelines | CB2: (79) Deux-Sèvres | CC2: (80) Somme | CD2: (81) Tarn | CE2: (82) Tarn-et-Garonne | CF2: (83) Var | CG2: (84) Vaucluse | CH2: (85) Vendée | CI2: (86) Vienne | CJ2: (87) Haute-Vienne | CK2: (88) Vosges | CL2: (89) Yonne | CM2: (90) Territoire de Belfort | CN2: (91) Essonne | CO2: (92) Hauts-de-Seine | CP2: (93) Seine-Saint-Denis | CQ2: (94) Val-de-Marne | CR2: (95) Val-d’Oise | CS2: (98) Principauté de Monaco
A3: (01) Ain | B3: 1 | C3: 3 | D3: 2 | E3: 3 | F3: 3 | G3: 3 | H3: 2 | I3: 3 | J3: 3 | K3: 2 | L3: 3 | M3: 3 | N3: 3 | O3: 3 | P3: 3 | Q3: 4 | R3: 4 | S3: 2 | T3: 3 | U3: 3 | V3: 2 | W3: 4 | X3: 3 | Y3: 3 | Z3: 2 | AA3: 2 | AB3: 3 | AC3: 3 | AD3: 4 | AE3: 2 | AF3: 3 | AG3: 3 | AH3: 4 | AI3: 3 | AJ3: 4 | AK3: 4 | AL3: 4 | AM3: 1 | AN3: 2 | AO3: 4 | AP3: 4 | AQ3: 1 | AR3: 3 | AS3: 4 | AT3: 2 | AU3: 3 | AV3: 4 | AW3: 3 | AX3: 4 | AY3: 3 | AZ3: 3 | BA3: 3 | BB3: 3 | BC3: 3 | BD3: 3 | BE3: 4 | BF3: 3 | BG3: 2 | BH3: 3 | BI3: 3 | BJ3: 3 | BK3: 3 | BL3: 3 | BM3: 3 | BN3: 3 | BO3: 3 | BP3: 2 | BQ3: 2 | BR3: 1 | BS3: 2 | BT3: 2 | BU3: 3 | BV3: 1 | BW3: 1 | BX3: 3 | BY3: 3 | BZ3: 3 | CA3: 3 | CB3: 4 | CC3: 3 | CD3: 3 | CE3: 3 | CF3: 3 | CG3: 2 | CH3: 4 | CI3: 4 | CJ3: 3 | CK3: 3 | CL3: 2 | CM3: 2 | CN3: 3 | CO3: 3 | CP3: 3 | CQ3: 3 | CR3: 3 | CS3: 3
A4: (02) Aisne | B4: 4 | C4: 1 | D4: 2 | E4: 4 | F4: 4 | G4: 4 | H4: 4 | I4: 1 | J4: 4 | K4: 1 | L4: 4 | M4: 3 | N4: 4 | O4: 2 | P4: 3 | Q4: 4 | R4: 4 | S4: 2 | T4: 3 | U4: 4 | V4: 2 | W4: 3 | X4: 3 | Y4: 3 | Z4: 2 | AA4: 4 | AB4: 1 | AC4: 2 | AD4: 3 | AE4: 4 | AF4: 4 | AG4: 4 | AH4: 4 | AI4: 4 | AJ4: 3 | AK4: 3 | AL4: 3 | AM4: 4 | AN4: 2 | AO4: 4 | AP4: 3 | AQ4: 4 | AR4: 3 | AS4: 4 | AT4: 1 | AU4: 3 | AV4: 4 | AW4: 3 | AX4: 4 | AY4: 2 | AZ4: 1 | BA4: 2 | BB4: 2 | BC4: 2 | BD4: 2 | BE4: 3 | BF4: 2 | BG4: 2 | BH4: 1 | BI4: 2 | BJ4: 2 | BK4: 1 | BL4: 3 | BM4: 4 | BN4: 4 | BO4: 4 | BP4: 2 | BQ4: 2 | BR4: 4 | BS4: 2 | BT4: 2 | BU4: 2 | BV4: 4 | BW4: 4 | BX4: 2 | BY4: 1 | BZ4: 2 | CA4: 2 | CB4: 3 | CC4: 1 | CD4: 4 | CE4: 4 | CF4: 4 | CG4: 4 | CH4: 4 | CI4: 3 | CJ4: 3 | CK4: 2 | CL4: 1 | CM4: 2 | CN4: 2 | CO4: 2 | CP4: 2 | CQ4: 2 | CR4: 2 | CS4: 4
A5: (03) Allier | B5: 1 | C5: 2 | D5: 1 | E5: 3 | F5: 3 | G5: 3 | H5: 3 | I5: 2 | J5: 3 | K5: 1 | L5: 3 | M5: 2 | N5: 3 | O5: 3 | P5: 2 | Q5: 3 | R5: 3 | S5: 1 | T5: 2 | U5: 3 | V5: 2 | W5: 3 | X5: 2 | Y5: 2 | Z5: 2 | AA5: 3 | AB5: 3 | AC5: 3 | AD5: 3 | AE5: 3 | AF5: 3 | AG5: 3 | AH5: 3 | AI5: 3 | AJ5: 3 | AK5: 2 | AL5: 2 | AM5: 2 | AN5: 2 | AO5: 3 | AP5: 2 | AQ5: 1 | AR5: 2 | AS5: 3 | AT5: 1 | AU5: 2 | AV5: 3 | AW5: 2 | AX5: 3 | AY5: 3 | AZ5: 2 | BA5: 3 | BB5: 2 | BC5: 3 | BD5: 3 | BE5: 3 | BF5: 3 | BG5: 1 | BH5: 3 | BI5: 3 | BJ5: 2 | BK5: 3 | BL5: 2 | BM5: 3 | BN5: 3 | BO5: 3 | BP5: 3 | BQ5: 3 | BR5: 1 | BS5: 2 | BT5: 2 | BU5: 2 | BV5: 2 | BW5: 2 | BX5: 3 | BY5: 3 | BZ5: 3 | CA5: 3 | CB5: 2 | CC5: 3 | CD5: 3 | CE5: 3 | CF5: 3 | CG5: 3 | CH5: 3 | CI5: 2 | CJ5: 2 | CK5: 3 | CL5: 1 | CM5: 3 | CN5: 3 | CO5: 3 | CP5: 3 | CQ5: 3 | CR5: 3 | CS5: 3
A6: (04) Alpes-de-Haute-Provence | B6: 3 | C6: 4 | D6: 3 | E6: 1 | F6: 1 | G6: 1 | H6: 1 | I6: 4 | J6: 3 | K6: 3 | L6: 2 | M6: 3 | N6: 2 | O6: 4 | P6: 3 | Q6: 4 | R6: 4 | S6: 3 | T6: 3 | U6: 2 | V6: 3 | W6: 4 | X6: 3 | Y6: 3 | Z6: 3 | AA6: 1 | AB6: 4 | AC6: 4 | AD6: 4 | AE6: 1 | AF6: 3 | AG6: 3 | AH6: 4 | AI6: 2 | AJ6: 4 | AK6: 4 | AL6: 4 | AM6: 3 | AN6: 3 | AO6: 4 | AP6: 4 | AQ6: 3 | AR6: 3 | AS6: 4 | AT6: 3 | AU6: 3 | AV6: 4 | AW6: 3 | AX6: 4 | AY6: 4 | AZ6: 4 | BA6: 4 | BB6: 4 | BC6: 4 | BD6: 4 | BE6: 4 | BF6: 4 | BG6: 3 | BH6: 4 | BI6: 4 | BJ6: 4 | BK6: 4 | BL6: 3 | BM6: 3 | BN6: 3 | BO6: 2 | BP6: 4 | BQ6: 4 | BR6: 3 | BS6: 3 | BT6: 3 | BU6: 4 | BV6: 3 | BW6: 3 | BX6: 4 | BY6: 4 | BZ6: 4 | CA6: 4 | CB6: 4 | CC6: 4 | CD6: 3 | CE6: 3 | CF6: 2 | CG6: 1 | CH6: 4 | CI6: 4 | CJ6: 3 | CK6: 4 | CL6: 3 | CM6: 4 | CN6: 4 | CO6: 4 | CP6: 4 | CQ6: 4 | CR6: 4 | CS6: 1
A7: (05) Hautes-Alpes | B7: 3 | C7: 4 | D7: 3 | E7: 2 | F7: 2 | G7: 2 | H7: 1 | I7: 4 | J7: 3 | K7: 3 | L7: 2 | M7: 3 | N7: 2 | O7: 4 | P7: 3 | Q7: 4 | R7: 4 | S7: 3 | T7: 3 | U7: 2 | V7: 3 | W7: 4 | X7: 3 | Y7: 3 | Z7: 3 | AA7: 1 | AB7: 4 | AC7: 4 | AD7: 4 | AE7: 1 | AF7: 3 | AG7: 3 | AH7: 4 | AI7: 2 | AJ7: 4 | AK7: 4 | AL7: 4 | AM7: 1 | AN7: 3 | AO7: 4 | AP7: 4 | AQ7: 3 | AR7: 3 | AS7: 4 | AT7: 3 | AU7: 3 | AV7: 4 | AW7: 3 | AX7: 4 | AY7: 4 | AZ7: 4 | BA7: 4 | BB7: 4 | BC7: 4 | BD7: 4 | BE7: 4 | BF7: 4 | BG7: 3 | BH7: 4 | BI7: 4 | BJ7: 4 | BK7: 4 | BL7: 3 | BM7: 3 | BN7: 3 | BO7: 2 | BP7: 3 | BQ7: 3 | BR7: 3 | BS7: 3 | BT7: 3 | BU7: 4 | BV7: 1 | BW7: 1 | BX7: 4 | BY7: 4 | BZ7: 4 | CA7: 4 | CB7: 4 | CC7: 4 | CD7: 3 | CE7: 3 | CF7: 2 | CG7: 1 | CH7: 4 | CI7: 4 | CJ7: 3 | CK7: 4 | CL7: 3 | CM7: 3 | CN7: 4 | CO7: 4 | CP7: 4 | CQ7: 4 | CR7: 4 | CS7: 2
A8: (06) Alpes-Maritimes | B8: 3 | C8: 4 | D8: 3 | E8: 1 | F8: 1 | G8: 1 | H8: 2 | I8: 4 | J8: 3 | K8: 4 | L8: 2 | M8: 4 | N8: 2 | O8: 4 | P8: 4 | Q8: 4 | R8: 4 | S8: 3 | T8: 4 | U8: 2 | V8: 4 | W8: 4 | X8: 4 | Y8: 4 | Z8: 4 | AA8: 2 | AB8: 4 | AC8: 4 | AD8: 4 | AE8: 2 | AF8: 3 | AG8: 3 | AH8: 4 | AI8: 2 | AJ8: 4 | AK8: 4 | AL8: 4 | AM8: 3 | AN8: 4 | AO8: 4 | AP8: 4 | AQ8: 3 | AR8: 4 | AS8: 4 | AT8: 4 | AU8: 4 | AV8: 4 | AW8: 4 | AX8: 4 | AY8: 4 | AZ8: 4 | BA8: 4 | BB8: 4 | BC8: 4 | BD8: 4 | BE8: 4 | BF8: 4 | BG8: 3 | BH8: 4 | BI8: 4 | BJ8: 4 | BK8: 4 | BL8: 4 | BM8: 3 | BN8: 3 | BO8: 2 | BP8: 4 | BQ8: 4 | BR8: 3 | BS8: 4 | BT8: 4 | BU8: 4 | BV8: 3 | BW8: 3 | BX8: 4 | BY8: 4 | BZ8: 4 | CA8: 4 | CB8: 4 | CC8: 4 | CD8: 3 | CE8: 3 | CF8: 2 | CG8: 2 | CH8: 4 | CI8: 4 | CJ8: 4 | CK8: 4 | CL8: 4 | CM8: 4 | CN8: 4 | CO8: 4 | CP8: 4 | CQ8: 4 | CR8: 4 | CS8: 1
A9: (07) Ardèche | B9: 1 | C9: 3 | D9: 2 | E9: 2 | F9: 2 | G9: 2 | H9: 1 | I9: 3 | J9: 2 | K9: 3 | L9: 2 | M9: 3 | N9: 2 | O9: 4 | P9: 3 | Q9: 4 | R9: 4 | S9: 2 | T9: 3 | U9: 2 | V9: 3 | W9: 4 | X9: 3 | Y9: 3 | Z9: 3 | AA9: 1 | AB9: 3 | AC9: 3 | AD9: 4 | AE9: 1 | AF9: 2 | AG9: 2 | AH9: 4 | AI9: 2 | AJ9: 4 | AK9: 4 | AL9: 4 | AM9: 2 | AN9: 3 | AO9: 4 | AP9: 4 | AQ9: 1 | AR9: 3 | AS9: 4 | AT9: 3 | AU9: 3 | AV9: 4 | AW9: 3 | AX9: 4 | AY9: 4 | AZ9: 3 | BA9: 4 | BB9: 4 | BC9: 4 | BD9: 4 | BE9: 4 | BF9: 4 | BG9: 2 | BH9: 4 | BI9: 3 | BJ9: 4 | BK9: 4 | BL9: 3 | BM9: 2 | BN9: 2 | BO9: 2 | BP9: 3 | BQ9: 3 | BR9: 1 | BS9: 3 | BT9: 3 | BU9: 4 | BV9: 2 | BW9: 2 | BX9: 3 | BY9: 3 | BZ9: 3 | CA9: 3 | CB9: 4 | CC9: 4 | CD9: 2 | CE9: 2 | CF9: 2 | CG9: 1 | CH9: 4 | CI9: 4 | CJ9: 3 | CK9: 4 | CL9: 3 | CM9: 3 | CN9: 3 | CO9: 3 | CP9: 3 | CQ9: 3 | CR9: 3 | CS9: 2
A10: (08) Ardennes | B10: 4 | C10: 1 | D10: 3 | E10: 4 | F10: 4 | G10: 4 | H10: 4 | I10: 1 | J10: 4 | K10: 2 | L10: 4 | M10: 4 | N10: 4 | O10: 3 | P10: 4 | Q10: 4 | R10: 4 | S10: 3 | T10: 4 | U10: 4 | V10: 2 | W10: 4 | X10: 4 | Y10: 4 | Z10: 2 | AA10: 4 | AB10: 2 | AC10: 2 | AD10: 4 | AE10: 4 | AF10: 4 | AG10: 4 | AH10: 4 | AI10: 4 | AJ10: 4 | AK10: 3 | AL10: 3 | AM10: 4 | AN10: 2 | AO10: 4 | AP10: 3 | AQ10: 4 | AR10: 4 | AS10: 4 | AT10: 2 | AU10: 4 | AV10: 4 | AW10: 4 | AX10: 4 | AY10: 3 | AZ10: 1 | BA10: 1 | BB10: 3 | BC10: 1 | BD10: 1 | BE10: 4 | BF10: 1 | BG10: 3 | BH10: 1 | BI10: 2 | BJ10: 3 | BK10: 1 | BL10: 4 | BM10: 4 | BN10: 4 | BO10: 4 | BP10: 2 | BQ10: 2 | BR10: 4 | BS10: 2 | BT10: 2 | BU10: 3 | BV10: 4 | BW10: 4 | BX10: 2 | BY10: 2 | BZ10: 2 | CA10: 2 | CB10: 3 | CC10: 1 | CD10: 4 | CE10: 4 | CF10: 4 | CG10: 4 | CH10: 4 | CI10: 3 | CJ10: 4 | CK10: 1 | CL10: 2 | CM10: 2 | CN10: 2 | CO10: 2 | CP10: 2 | CQ10: 2 | CR10: 2 | CS10: 4
A11: (09) Ariège | B11: 4 | C11: 4 | D11: 4 | E11: 3 | F11: 3 | G11: 3 | H11: 3 | I11: 4 | J11: 1 | K11: 4 | L11: 2 | M11: 3 | N11: 3 | O11: 4 | P11: 3 | Q11: 3 | R11: 3 | S11: 4 | T11: 3 | U11: 3 | V11: 4 | W11: 4 | X11: 3 | Y11: 3 | Z11: 4 | AA11: 3 | AB11: 4 | AC11: 4 | AD11: 4 | AE11: 3 | AF11: 1 | AG11: 1 | AH11: 3 | AI11: 2 | AJ11: 4 | AK11: 4 | AL11: 4 | AM11: 4 | AN11: 4 | AO11: 3 | AP11: 4 | AQ11: 4 | AR11: 3 | AS11: 4 | AT11: 4 | AU11: 3 | AV11: 3 | AW11: 3 | AX11: 4 | AY11: 4 | AZ11: 4 | BA11: 4 | BB11: 4 | BC11: 4 | BD11: 4 | BE11: 4 | BF11: 4 | BG11: 4 | BH11: 4 | BI11: 4 | BJ11: 4 | BK11: 4 | BL11: 3 | BM11: 1 | BN11: 1 | BO11: 2 | BP11: 4 | BQ11: 4 | BR11: 4 | BS11: 4 | BT11: 4 | BU11: 4 | BV11: 4 | BW11: 4 | BX11: 4 | BY11: 4 | BZ11: 4 | CA11: 4 | CB11: 4 | CC11: 4 | CD11: 1 | CE11: 1 | CF11: 3 | CG11: 3 | CH11: 4 | CI11: 4 | CJ11: 3 | CK11: 4 | CL11: 4 | CM11: 4 | CN11: 4 | CO11: 4 | CP11: 4 | CQ11: 4 | CR11: 4 | CS11: 3
A12: (10) Aube | B12: 3 | C12: 1 | D12: 2 | E12: 4 | F12: 4 | G12: 4 | H12: 3 | I12: 1 | J12: 4 | K12: 1 | L12: 4 | M12: 3 | N12: 4 | O12: 2 | P12: 3 | Q12: 4 | R12: 4 | S12: 2 | T12: 3 | U12: 4 | V12: 1 | W12: 3 | X12: 3 | Y12: 3 | Z12: 1 | AA12: 3 | AB12: 2 | AC12: 2 | AD12: 3 | AE12: 3 | AF12: 4 | AG12: 4 | AH12: 4 | AI12: 4 | AJ12: 3 | AK12: 3 | AL12: 3 | AM12: 3 | AN12: 1 | AO12: 4 | AP12: 3 | AQ12: 3 | AR12: 3 | AS12: 4 | AT12: 1 | AU12: 3 | AV12: 4 | AW12: 3 | AX12: 4 | AY12: 2 | AZ12: 1 | BA12: 2 | BB12: 3 | BC12: 2 | BD12: 2 | BE12: 3 | BF12: 2 | BG12: 2 | BH12: 2 | BI12: 2 | BJ12: 3 | BK12: 2 | BL12: 3 | BM12: 4 | BN12: 4 | BO12: 4 | BP12: 2 | BQ12: 2 | BR12: 3 | BS12: 1 | BT12: 1 | BU12: 3 | BV12: 3 | BW12: 3 | BX12: 2 | BY12: 2 | BZ12: 2 | CA12: 2 | CB12: 3 | CC12: 2 | CD12: 4 | CE12: 4 | CF12: 4 | CG12: 3 | CH12: 4 | CI12: 3 | CJ12: 3 | CK12: 2 | CL12: 1 | CM12: 2 | CN12: 2 | CO12: 2 | CP12: 2 | CQ12: 2 | CR12: 2 | CS12: 4
A13: (11) Aude | B13: 3 | C13: 4 | D13: 4 | E13: 3 | F13: 3 | G13: 3 | H13: 2 | I13: 4 | J13: 1 | K13: 4 | L13: 1 | M13: 3 | N13: 2 | O13: 4 | P13: 3 | Q13: 3 | R13: 3 | S13: 4 | T13: 3 | U13: 2 | V13: 4 | W13: 4 | X13: 3 | Y13: 3 | Z13: 4 | AA13: 2 | AB13: 4 | AC13: 4 | AD13: 4 | AE13: 2 | AF13: 1 | AG13: 1 | AH13: 3 | AI13: 1 | AJ13: 4 | AK13: 4 | AL13: 4 | AM13: 3 | AN13: 4 | AO13: 3 | AP13: 4 | AQ13: 3 | AR13: 3 | AS13: 4 | AT13: 4 | AU13: 3 | AV13: 3 | AW13: 3 | AX13: 4 | AY13: 4 | AZ13: 4 | BA13: 4 | BB13: 4 | BC13: 4 | BD13: 4 | BE13: 4 | BF13: 4 | BG13: 4 | BH13: 4 | BI13: 4 | BJ13: 4 | BK13: 4 | BL13: 3 | BM13: 1 | BN13: 1 | BO13: 1 | BP13: 4 | BQ13: 4 | BR13: 3 | BS13: 4 | BT13: 4 | BU13: 4 | BV13: 3 | BW13: 3 | BX13: 4 | BY13: 4 | BZ13: 4 | CA13: 4 | CB13: 4 | CC13: 4 | CD13: 1 | CE13: 1 | CF13: 2 | CG13: 2 | CH13: 4 | CI13: 4 | CJ13: 3 | CK13: 4 | CL13: 4 | CM13: 4 | CN13: 4 | CO13: 4 | CP13: 4 | CQ13: 4 | CR13: 4 | CS13: 3
A14: (12) Aveyron | B14: 3 | C14: 4 | D14: 3 | E14: 3 | F14: 3 | G14: 3 | H14: 2 | I14: 4 | J14: 1 | K14: 3 | L14: 1 | M14: 2 | N14: 2 | O14: 4 | P14: 2 | Q14: 3 | R14: 3 | S14: 3 | T14: 2 | U14: 2 | V14: 3 | W14: 4 | X14: 2 | Y14: 2 | Z14: 3 | AA14: 2 | AB14: 4 | AC14: 4 | AD14: 4 | AE14: 2 | AF14: 1 | AG14: 1 | AH14: 3 | AI14: 1 | AJ14: 4 | AK14: 4 | AL14: 4 | AM14: 3 | AN14: 3 | AO14: 3 | AP14: 4 | AQ14: 3 | AR14: 2 | AS14: 4 | AT14: 3 | AU14: 2 | AV14: 3 | AW14: 2 | AX14: 4 | AY14: 4 | AZ14: 4 | BA14: 4 | BB14: 3 | BC14: 4 | BD14: 4 | BE14: 4 | BF14: 4 | BG14: 3 | BH14: 4 | BI14: 4 | BJ14: 3 | BK14: 4 | BL14: 2 | BM14: 1 | BN14: 1 | BO14: 1 | BP14: 4 | BQ14: 4 | BR14: 3 | BS14: 3 | BT14: 3 | BU14: 3 | BV14: 3 | BW14: 3 | BX14: 4 | BY14: 4 | BZ14: 4 | CA14: 4 | CB14: 4 | CC14: 4 | CD14: 1 | CE14: 1 | CF14: 2 | CG14: 2 | CH14: 4 | CI14: 4 | CJ14: 2 | CK14: 4 | CL14: 3 | CM14: 4 | CN14: 4 | CO14: 4 | CP14: 4 | CQ14: 4 | CR14: 4 | CS14: 3
... A98: (98) Principauté de Monaco | B98: 3 | C98: 4 | D98: 3 | E98: 1 | F98: 1 | G98: 1 | H98: 2 | I98: 4 | J98: 3 | K98: 4 | L98: 2 | M98: 4 | N98: 2 | O98: 4 | P98: 4 | Q98: 4 | R98: 4 | S98: 3 | T98: 4 | U98: 2 | V98: 4 | W98: 4 | X98: 4 | Y98: 4 | Z98: 4 | AA98: 2 | AB98: 4 | AC98: 4 | AD98: 4 | AE98: 2 | AF98: 3 | AG98: 3 | AH98: 4 | AI98: 2 | AJ98: 4 | AK98: 4 | AL98: 4 | AM98: 3 | AN98: 4 | AO98: 4 | AP98: 4 | AQ98: 3 | AR98: 4 | AS98: 4 | AT98: 4 | AU98: 4 | AV98: 4 | AW98: 4 | AX98: 4 | AY98: 4 | AZ98: 4 | BA98: 4 | BB98: 4 | BC98: 4 | BD98: 4 | BE98: 4 | BF98: 4 | BG98: 3 | BH98: 4 | BI98: 4 | BJ98: 4 | BK98: 4 | BL98: 4 | BM98: 3 | BN98: 3 | BO98: 2 | BP98: 4 | BQ98: 4 | BR98: 3 | BS98: 4 | BT98: 4 | BU98: 4 | BV98: 3 | BW98: 3 | BX98: 4 | BY98: 4 | BZ98: 4 | CA98: 4 | CB98: 4 | CC98: 4 | CD98: 3 | CE98: 3 | CF98: 2 | CG98: 2 | CH98: 4 | CI98: 4 | CJ98: 4 | CK98: 4 | CL98: 4 | CM98: 4 | CN98: 4 | CO98: 4 | CP98: 4 | CQ98: 4 | CR98: 4 | CS98: 1

Sheet calcul transport

Sheet Clients
A1: Références clients | B1: Civilite | C1: Nom | D1: Prenom | E1: Type de client | F1: Adresse | G1: Adresse (suite) | H1: Code postal | I1: Ville | J1: Numero du pays | K1: Email | L1: Numero de telephone | M1: Numero de portable | N1: Numero de fax | O1: Nom de la societe | P1: Forme juridique | Q1: Code APE | R1: Siret | S1: TVA intracommunautaire | T1: TVA intracommunautaire validée | U1: Paiement HT ou TTC | V1: Informations supplementaires commandes | W1: Message remise | X1: Differe | Y1: Conditions reglement | Z1: Date d'enregistrement du client | AA1: Mot de passe | AB1: Accepte infos nouveautes | AC1: Accepte infos articles associes | AD1: Identifiant interne 1 | AE1: Identifiant interne 2 | AF1: Premiere commande | AG1: Pays
A2: C001 | B2: M. | C2: TAMPERE | D2: Jean-romaric | E2: entreprise | F2: 220 quartier les creux | H2: 26240 | I2: Saint-Barthélemy-de-Vals | J2: 35 | K2: contact@jrtconcept.com | L2: 634166199 | O2: JRTConcept | Q2: 4791A | T2: off | U2: TTC | X2: off | Z2: 41494 | AA2: Tartenpion07 | AB2: off | AC2: off | AF2: on | AG2: France métropolitaine
B3: M. | C3: test | E3: particulier | F3: test | H3: 0 | I3: test | J3: 35 | K3: monemail@masociete.com | L3: 0 | T3: off | U3: TTC | X3: off | Z3: 39239 | AA3: test | AB3: off | AC3: off | AF3: off | AG3: France métropolitaine
B4: M. | C4: herault | D4: sonia | E4: particulier | F4: 10 | H4: 32000 | I4: Auch | J4: 35 | K4: sherault@powerboutique.com | L4: 467365985 | T4: off | U4: TTC | X4: off | Z4: 41446 | AA4: 123 | AB4: off | AC4: off | AF4: off | AG4: France métropolitaine
B5: M. | C5: TA | D5: D | E5: particulier | F5: RHS | H5: 23456 | I5: st barthelemy de vals | J5: 35 | K5: jrtconcept@outlook.fr | L5: 977655767 | T5: off | U5: TTC | X5: off | Z5: 41446 | AA5: AZERTYUIOP | AB5: off | AC5: off | AF5: off | AG5: France métropolitaine

Sheet Fournisseurs
A1: Référence fournisseur | B1: Civilite | C1: Nom | D1: Prenom | E1: Site internet | F1: Adresse | G1: Adresse (suite) | H1: Code postal | I1: Ville | J1: Numero du pays | K1: Email | L1: Numero de telephone | M1: Numero de portable | N1: Numero de fax | O1: Nom de la societe | P1: Forme juridique | Q1: Code APE | R1: Siret | S1: TVA intracommunautaire | T1: TVA intracommunautaire validée | U1: Paiement HT ou TTC | V1: Informations supplementaires commandes | W1: Message remise | X1: Differe | Y1: Conditions reglement | Z1: Date d'enregistrement du client | AA1: Mot de passe | AB1: Accepte infos nouveautes | AC1: Accepte infos articles associes | AD1: Identifiant interne 1 | AE1: Identifiant interne 2 | AF1: Premiere commande | AG1: Pays | AH1: Eco participation
E2: http://www.bigben.fr/ | F2: Rue de la Voyette | G2: C.R.T.2 | H2: 59818 | I2: Lesquin | J2: 35 | L2: 03 20 90 72 00 | P2: Societe anonyme | R2: 320992977 | S2: FR 22 424 761 419
